 Dungeon Crawl Stone Soup version 0.28-a0-390-gb254ac4902 (webtiles) character file.

Game seed: 11833395666810679028

315705 HilariousDeathArtist the Warrior (level 20, -2/191 HPs)
             Began as a Green Draconian Wanderer on Sept 2, 2021.
             Was the Champion of Kikubaaqudgha.
             Killed by divine providence
             ... invoked by Saint Roka
              (14 damage)
             ... on level 3 of the Vaults on Sept 3, 2021.
             The game lasted 01:48:14 (66989 turns).

HilariousDeathArtist the Warrior (DrWn)            Turns: 66989, Time: 01:48:15

Health: -2/191     AC: 19    Str: 20    XL:     20   Next: 51%
Magic:  8/35       EV: 20    Int: 16    God:    Kikubaaqudgha [******]
Gold:   1121       SH: 10    Dex: 16    Spells: 24/42 levels left

rFire   + . .      SeeInvis +   a - +8 demon whip (pain)
rCold   + . .      Faith    .   r - +0 buckler {AC+3}
rNeg    . . .      Spirit   .   (armour unavailable)
rPois   +          Reflect  +   (helmet restricted)
rElec   +          Harm     .   e - +2 cloak {Will+}
rCorr   +          Rampage  .   l - +2 pair of gloves
Will    ++...                   (no boots)
Stlth   ++........              o - amulet of reflection
HPRegen 0.41/turn               C - ring "Qish" {rElec rC+ rCorr}
MPRegen 0.24/turn               K - ring "Hirul" {rF+ Str+2 Dex+3 SInv}

@: hasted, studying 2 skills, very quick
A: breathe noxious fumes, AC +10, unfitting armour, stinger 1, poison
resistance, cold-blooded
}: 2/15 runes: decaying, serpentine
a: Breathe Noxious Fumes, Renounce Religion, Receive Corpses, Torment


You were on level 3 of the Vaults.
You worshipped Kikubaaqudgha.
Kikubaaqudgha was exalted by your worship.
You visited 7 branches of the dungeon, and saw 35 of its levels.
You visited 1 bazaar.
You also visited: Wizlab.

You collected 3999 gold pieces.
You spent 2878 gold pieces at shops.

Inventory:

Hand Weapons
 a - a +8 demon whip of pain (weapon)
   (You bought it in a shop on level 2 of the Orcish Mines)
Missiles
 k - 36 sling bullets
 n - 9 curare-tipped darts
 s - 61 stones
 u - 186 bolts
 w - 59 arrows
 Q - 4 throwing nets {!d}
Armour
 e - a +2 cloak of willpower (worn)
   (You took it off Maurice on level 10 of the Dungeon)
 l - a +2 pair of gloves (worn)
   (You found it on level 5 of the Dungeon)
 r - a +0 buckler of protection (worn)
   (You bought it in a shop in a bazaar)
 D - a scarf of resistance
   (You found it on level 2 of the Vaults)
Jewellery
 c - a ring of flight {+Fly, !d}
   (You found it on level 2 of the Swamp)
 o - an amulet of reflection (around neck)
   (You found it on level 4 of the Dungeon)
 t - a ring of magical power {MP+9}
   (You found it on level 2 of the Vaults)
 C - the ring "Qish" (left hand) {rElec rC+ rCorr}
   (You found it on level 1 of the Vaults)

   [ring of resist corrosion]

   rC:        It protects you from cold.
   rElec:     It insulates you from electricity.
   rCorr:     It protects you from acid and corrosion.
 K - the ring "Hirul" (right hand) {rF+ Str+2 Dex+3 SInv}
   (You bought it in a shop on level 13 of the Dungeon)

   [ring of see invisible]

   Str:       It affects your strength (+2).
   Dex:       It affects your dexterity (+3).
   rF:        It protects you from fire.
   SInv:      It lets you see invisible.
 X - a ring of resist corrosion
   (You found it on level 1 of the Vaults)
 Z - a ring of wizardry {Wiz+, !d}
   (You found it on level 1 of the Dungeon)
Wands
 d - a wand of digging (4)
   (You found it on level 3 of the Swamp)
 h - a wand of acid (8)
   (You found it on level 1 of the Vaults)
 i - a wand of iceblast (5)
   (You found it on level 7 of the Dungeon)
 j - a wand of polymorph (8)
   (You found it on level 3 of the Snake Pit)
 p - a wand of paralysis (7)
   (You found it on level 4 of the Swamp)
 q - a wand of flame (76)
   (You took it off Grinder on level 4 of the Dungeon)
Scrolls
 b - 3 scrolls of enchant armour
 g - 9 scrolls of identify {@r1}
 x - 8 scrolls of fog
 y - a scroll of amnesia
 z - 6 scrolls of magic mapping {@r4!r}
 E - 8 scrolls of fear
 O - 2 scrolls of silence
 Y - 6 scrolls of teleportation {@r3}
Potions
 f - 7 potions of might
 m - 2 potions of cancellation
 B - 3 potions of brilliance
 G - 6 potions of ambrosia {!q}
 J - 3 potions of curing {@q1}
 L - a potion of flight
 M - 5 potions of magic
 P - 6 potions of lignification {!q}
 R - a potion of resistance
 T - 2 potions of berserk rage {!q}
 U - 2 potions of mutation {!q}
 W - a potion of invisibility
Miscellaneous
 v - a lightning rod (inert)
   (You found it on level 1 of the Snake Pit)
 A - a piece from Xom's chessboard (12/15)
   (You found it on level 1 of the Vaults)


   Skills:
 + Level 19.1 Fighting
 - Level 7.7(10.5) Axes
 - Level 11.1(12.0) Maces & Flails
 - Level 1.0(4.9) Polearms
 - Level 1.0 Throwing
 + Level 15.0 Dodging
 - Level 1.0 Stealth
 - Level 4.0 Shields
 + Level 11.5 Spellcasting
 * Level 18.8 Necromancy
 - Level 4.8 Translocations
 - Level 6.3 Earth Magic
 + Level 9.3 Evocations


You had 24 spell levels left.
You knew the following spells:

 Your Spells              Type           Power      Damage    Failure   Level
a - Dispel Undead         Necr           62%        3d22      1%          4
b - Blink                 Tloc           N/A        N/A       1%          2
c - Borgnjor's Vile Clut  Necr/Erth      24%        N/A       1%          5
x - Vampiric Draining     Necr           31%        2d10      0%          3
A - Animate Dead          Necr           31%        N/A       1%          4

Your spell library contained the following spells:

 Spells                   Type           Power      Damage    Failure   Level
 Pain                     Necr           100%       1d9       0%          1
 Sublimation of Blood     Necr           31%        N/A       0%          2
 Corpse Rot               Necr/Air       N/A        N/A       1%          2
 Agony                    Necr           62%        N/A       1%          5
 Excruciating Wounds      Necr           31%        N/A       1%          5
 Death Channel            Necr           31%        N/A       1%          6
 Gell's Gravitas          Tloc           12%        N/A       3%          3
 Lesser Beckoning         Tloc           24%        N/A       3%          3
 Teleport Other           Tloc           24%        N/A       3%          3
 Foxfire                  Conj/Fire      36%        2x1d5     8%          1
 Shock                    Conj/Air       36%        1d5       8%          1
 Sting                    Tmut/Pois      36%        1d4       8%          1
 Passage of Golubria      Tloc           N/A        N/A       11%         4
 Poisonous Vapours        Pois/Air       18%        N/A       12%         2
 Scorch                   Fire           18%        2d5       12%         2
 Searing Ray              Conj           18%        3d3       12%         2
 Slow                     Hex            9%         N/A       12%         2
 Static Discharge         Conj/Air       9%         N/A       12%         2
 Petrify                  Tmut/Erth      19%        N/A       22%         4
 Confusing Touch          Hex            9%         N/A       24%         3
 Conjure Flame            Conj/Fire      9%         6-21      24%         3
 Dazzling Flash           Conj/Hex       18%        N/A       24%         3
 Frozen Ramparts          Ice            18%        1d3       24%         3
 Ignite Poison            Fire/Tmut/Pois 9%         N/A       24%         3
 Inner Flame              Hex/Fire       9%         N/A       24%         3
 Ozocubu's Armour         Ice            9%         N/A       24%         3
 Swiftness                Air            9%         N/A       24%         3
 Tukima's Dance           Hex            9%         N/A       24%         3
 Simulacrum               Ice/Necr       19%        N/A       26%         6
 Iskenderun's Mystic Bla  Conj/Tloc      17%        2d5       28%         4
 Manifold Assault         Tloc           24%        N/A       28%         5
 Airstrike                Air            4%         N/A       61%         4
 Cause Fear               Hex            4%         N/A       61%         4
 Flame Wave               Conj/Fire      9%         3d4       61%         4
 Fulminant Prism          Conj/Hex       4%         3d6       61%         4
 Ice Form                 Ice/Tmut       9%         N/A       61%         4
 Sticky Flame             Conj/Fire      9%         2d3       61%         4
 Summon Ice Beast         Ice/Summ       9%         N/A       61%         4
 Dispersal                Tloc           12%        N/A       85%         6
 Fireball                 Conj/Fire      4%         3d4       91%         5
 Freezing Cloud           Conj/Ice/Air   4%         6-21      91%         5
 Iskenderun's Battlesphe  Conj           9%         2d6       91%         5
 Metabolic Englaciation   Hex/Ice        4%         N/A       91%         5
 Silence                  Hex/Air        4%         N/A       91%         5
 Yara's Violent Unravell  Hex/Tmut       4%         3d4       91%         5
 Iron Shot                Conj/Erth      9%         9d3       97%         6
 Statue Form              Tmut/Erth      12%        N/A       97%         6
 Conjure Ball Lightning   Conj/Air       4%         3x3d6     100%        6
 Summon Cactus Giant      Summ           4%         N/A       100%        6
 Dragon Form              Tmut           4%         N/A       100%        7
 Orb of Destruction       Conj           4%         9d2       100%        7
 Spellforged Servitor     Conj/Summ      4%         N/A       100%        7
 Disjunction              Tloc           12%        N/A       100%        8
 Ignition                 Fire           4%         3d4       100%        8
 Dragon's Call            Summ           4%         N/A       100%        9
 Polar Vortex             Ice            4%         N/A       100%        9


Dungeon Overview and Level Annotations

Branches:
Dungeon (15/15)            Temple (1/1) D:6            Lair (6/6) D:9
  Swamp (4/4) Lair:2        Snake (4/4) Lair:2        Slime (0/5) Lair:6
    Orc (2/2) D:10            Elf (0/3) Orc:2        Vaults (3/5) D:13
  Crypt (0/3) Vaults:3     Depths (0/5) D:15         WizLab (visited)

Altars:
Ashenzari
Cheibriados
Dithmenos
Elyvilon
Fedhas
Gozag
Hepliaklqana
Kikubaaqudgha
Makhleb
Nemelex Xobeh
Okawaru
Qazlal
Ru
Sif Muna
Trog
Uskayaw
Vehumet
Wu Jian
Xom
Yredelemnul
Zin
The Shining One
Beogh
Ignis

Shops:
D:6 (   D:9 (   D:13 =   D:14 *[*   Orc:2 ([(=   Snake:1 ?=:?!   Snake:2 :
Snake:3 :

Annotations:
Lair:6 exclusion: 2 oklob plants
Vaults:3 Saint Roka, Sojobo


Innate Abilities, Weirdness & Mutations

You can breathe blasts of noxious fumes.
Your lurid green scales are hard. (AC +10)
You cannot fit into any form of body armour.
Your tail ends in a poisonous barb.
Your system is resistant to poisons. (rPois)
You are cold-blooded and may be slowed by cold attacks.


Message History

The zombie hands constrict the vault warden!
The zombie hands constrict the yaktaur!
The ironbound convoker gestures at the ironbound convoker while chanting.
The ironbound convoker seems to grow stronger.
The ironbound frostheart struggles to escape constriction.
The yaktaur struggles to escape constriction.
The vault warden struggles to escape constriction.
Okay, then.
Okay, then.
Okay, then.
Okay, then.
As you read the scroll of teleportation {@r3}, it crumbles to dust.
You feel strangely unstable.
The zombie hands constrict the ironbound frostheart!
The zombie hands constrict the vault warden!
The zombie hands constrict the yaktaur!
The ironbound frostheart escapes!
The yaktaur struggles to escape constriction.
The vault warden struggles to escape constriction.
The zombie hands lose their grip on something.
The zombie hands constrict the yaktaur!
You kill the yaktaur!
Kikubaaqudgha accepts your kill.
Aim: an ironbound frostheart, wearing a +0 ring mail (severely wounded, strong, 100% to hit)
Zombie hands grab the ironbound frostheart.
Zombie hands grab the ironbound convoker.
The zombie hands constrict the ironbound frostheart.
The zombie hands constrict the ironbound convoker.
The ironbound frostheart struggles to escape constriction.
The ironbound convoker struggles to escape constriction.
You now have 3/35 mp.
Aim: an ironbound frostheart, wearing a +0 ring mail (almost dead, strong, constricted by zombie hands)
The mass of ice explodes!
The iceblast engulfs the ironbound frostheart!
The ironbound frostheart partially resists.
You kill the ironbound frostheart!
Kikubaaqudgha accepts your kill.
The iceblast engulfs the ironbound convoker!
Your surroundings suddenly seem different.
The zombie hands lose their grip on something.
A yaktaur comes into view.
The yaktaur shouts!
The yaktaur shoots a bolt.
The bolt hits you.
The yaktaur shouts! x2
You take 3 damage, and have 72/190 hp.
You hear a shout!
The yaktaur misses you. The yaktaur misses you.
The yaktaur hits you but does no damage.
The yaktaur wields a +3 arbalest.
The yaktaur shoots a bolt.
The bolt hits you!
You take 12 damage, and have 61/190 hp.
The yaktaur wields a +0 arbalest.
The yaktaur shoots a bolt.
The bolt closely misses you.
The yaktaur shoots a bolt.
You reflect the bolt off an invisible shield around you!
The bolt barely misses the yaktaur.
The yaktaur shoots a bolt.
The bolt misses you.
The yaktaur shoots a bolt.
The bolt hits you!
* * * LOW HITPOINT WARNING * * *
The yaktaur shoots a bolt.
The bolt completely misses you.
You take 7 damage, and have 54/190 hp.
The yaktaur shoots a bolt.
You reflect the bolt off an invisible shield around you!
The bolt hits the yaktaur!
The yaktaur shoots a bolt.
The bolt closely misses you.
The yaktaur shoots a bolt.
You reflect the bolt off an invisible shield around you!
The bolt completely misses the yaktaur.
The yaktaur shoots a bolt.
The bolt hits you.
* * * LOW HITPOINT WARNING * * *
The yaktaur shoots a bolt.
The bolt hits you!!
* * * LOW HITPOINT WARNING * * *
You take 27 damage, and have 28/190 hp.
The yaktaur shoots a bolt.
The bolt misses you.
The yaktaur shoots a bolt.
You reflect the bolt off an invisible shield around you!
The bolt hits the yaktaur!!
You kill the yaktaur!
Kikubaaqudgha accepts your kill.
Your life force feels restored.
Your Dodging skill increases to level 15!
Unknown command.
Saint Roka shouts!
Saint Roka mumbles some strange prayers to Beogh against you.
Beogh smites you!
* * * LOW HITPOINT WARNING * * *
There is an open door, spattered with blood here.
Items here: )) [[.
You take 9 damage, and have 19/191 hp.
The yaktaur shoots a bolt.
You reflect the bolt off an invisible shield around you!
The bolt barely misses the yaktaur.
Okay, then.
Okay, then.
You feel yourself speed up.
Saint Roka calls down the wrath of Beogh upon you.
Beogh smites you!
* * * LOW HITPOINT WARNING * * *
You take 11 damage, and have 11/191 hp.
Saint Roka mumbles some strange prayers to Beogh against you.
Beogh smites you!
You die...
Kikubaaqudgha rasps: "You have failed me!
Welcome... death!"

#################################
.......................c.........
.............[..@......o.........
.########################.c.)....
.# #......#........ .#
#.....[#..)..... .#
#.....[[...))... .#
#....<[#.)...... .#
#......#........ .#
#.o....#cc...... .#
#......#........


You could see Saint Roka and a yaktaur.

Vanquished Creatures
  Nikola (Swamp:4)
  Mlioglotl (Swamp:3)
  5 thorn hunters
  Kirke (D:13)
  2 tengu reavers (Vaults:3)
  7 vault wardens
  Aizul (Snake:3)
  11 nagarajas
  2 orc warlords
  A war gargoyle (Vaults:1)
  3 very ugly things
  13 ironbound preservers
  A stone giant (Vaults:1)
  A deep elf demonologist (Vaults:3)
  7 purple draconians (WizLab)
  An entropy weaver (Lair:5)
  4 dire elephants
  7 bunyips
  Snorg (D:11)
  5 eleionomae
  2 statues (WizLab)
  A shambling mangrove (Swamp:4)
  A quicksilver dragon zombie (D:15)
  2 great orbs of eyes
  The ghost of Sagekrm4265 the Cleaver, a journeyman DDFi of Trog (Lair:2)
  5 yaktaur captains
  Erolcha (D:13)
  7 vault guards (Vaults:1)
  7 ironbound thunderhulks
  A salamander tyrant (Snake:3)
  10 ironbound frosthearts
  18 hydras
  An anaconda (shapeshifter) (D:13)
  4 boulder beetles
  8 naga warriors
  5 ghost crabs
  12 two-headed ogres
  9 anacondas
  17 centaur warriors
  An ogre mage (D:15)
  8 alligators
  A deep troll earth mage (D:15)
  12 naga sharpshooters
  4 ironbound beastmasters
  An orc high priest (Orc:2)
  12 death yaks
  A vampire mage (D:15)
  2 shock serpents
  Nergalle (D:10)
  A skeletal warrior (D:15)
  4 fire crabs (Lair:5)
  4 sea snakes (Snake:4)
  9 swamp dragons
  5 goliath frogs
  A salamander mystic (Snake:3)
  38 deep trolls
  5 spriggan druids
  6 wizards
  3 naga ritualists (Snake:1)
  A phantasmal warrior (Vaults:1)
  2 glowing orange brains
  3 bog bodies
  9 ironbound convokers
  A necromancer (D:15)
  A lindwurm (shapeshifter) (D:14)
  3 wolf spiders (Lair:6)
  2 orc knights
  2 frost giant zombies (D:15)
  8 mana vipers
  3 deep elf pyromancers (D:15)
  9 lindwurms
  4 cyclopes
  13 ugly things
  3 orc sorcerers
  5 salamanders
  A will-o-the-wisp (Swamp:2)
  3 manticores
  Maurice (D:10)
  6 guardian serpents
  14 elephants
  An apocalypse crab (Lair:5)
  A black mamba (shapeshifter) (D:13)
  34 black mambas
  23 cane toads
  10 vault sentinels
  14 naga magi
  3 gargoyles
  2 torpor snails
  Maggie (D:7)
  23 yaktaurs
  5 kobold demonologists
  12 tengu conjurers (WizLab)
  2 efreet (D:15)
  10 komodo dragons
  A yaktaur (shapeshifter) (D:14)
  A guardian mummy (D:15)
  A bloated husk (Swamp:4)
  A jumping spider (shapeshifter) (D:15)
  A meliai (shapeshifter) (Vaults:1)
  Grinder (D:4)
  17 hornets
  7 trolls
  10 polar bears (Lair:6)
  A queen bee (D:12)
  3 meliai (D:12)
  7 tyrant leeches
  A raiju (Lair:6)
  28 slime creatures
  14 dream sheep
  21 blink frogs
  9 wyverns
  A redback (Lair:6)
  21 spriggans
  A wraith (D:11)
  37 yaks
  A hog (D:13)
  14 fire elementals
  14 humans (D:13)
  16 vampire mosquitoes
  9 wargs
  44 nagas
  23 swamp worms
  16 hell hounds
  29 water moccasins
  2 ice beasts
  5 swamp drakes
  34 orc warriors
  9 ogres
  2 sky beasts
  16 black bears
  22 wolves
  8 centaurs
  6 necrophages
  3 phantoms
  4 kobold brigands
  10 bullfrogs
  2 gnoll sergeants
  4 scorpions
  A tengu zombie (D:15)
  23 killer bees
  9 wights
  5 electric eels
  2 howler monkeys
  7 centaur zombies
  6 hounds
  28 orc priests
  A bullfrog skeleton (D:6)
  A centaur skeleton (D:7)
  A jelly (D:7)
  A gnoll shaman (D:6)
  2 iguanas
  36 orc wizards
  A killer bee zombie (D:9)
  2 hound skeletons (D:4)
  A mummy (D:10)
  A howler monkey zombie (D:10)
  11 gnolls
  A howler monkey skeleton (D:7)
  8 adders
  A white imp (D:5)
  An adder skeleton (D:5)
  2 worms (D:3)
  7 dart slugs
  112 orcs
  7 endoplasms
  A giant cockroach (D:3)
  6 goblins
  11 hobgoblins
  10 jackals
  2 quokkas
  9 ball pythons
  4 bats
  7 frilled lizards
  19 kobolds
  6 rats
  2 briar patches
1373 creatures vanquished.

Vanquished Creatures (collateral kills)
  An alligator (Swamp:4)
  2 swamp dragons (Swamp:4)
  A bog body (Swamp:4)
  A manticore (D:12)
  3 hornets
  2 vampire mosquitoes (Swamp:1)
  A naga (Snake:4)
  2 swamp drakes (Swamp:4)
  3 orcs
16 creatures vanquished.

Vanquished Creatures (others)
  An entropy weaver (Lair:5)
  4 hydras (Swamp:4)
  A shambling mangrove (Swamp:4)
  2 swamp dragons (Swamp:4)
  A black mamba (Snake:2)
  2 bloated husks
  3 hornets (Swamp:4)
  A human (D:13)
  A swamp drake (Swamp:4)
  A killer bee (D:12)
  An electric eel (D:9)
  4 briar patches
  138 foxfires
  52 fungi
  192 plants
  18 withered plants
422 creatures vanquished.

Grand Total: 1811 creatures vanquished

Notes
Turn   | Place    | Note
-------+----------+-------------------------------------------
     0 | D:1      | HilariousDeathArtist the Draconian Wanderer began the quest
                  | for the Orb.
     0 | D:1      | HilariousDeathArtist set off with the following items: a +2
                  | mace, 2 scrolls of teleportation {@r3}
     0 | D:1      | Reached XP level 1. HP: 19/19 MP: 1/1
   270 | D:1      | Reached XP level 2. HP: 26/26 MP: 2/2
  1016 | D:2      | Found a faded altar of an unknown god.
  1025 | D:2      | Became a worshipper of Ignis, the Dying Flame
  1027 | D:2      | Reached XP level 3. HP: 31/33 MP: 3/3
  1027 | D:2      | Got Plato's Guide on Transmigration
  1143 | D:2      | Reached skill level 4 in Maces & Flails
  1144 | D:2      | HP: 8/33 [orc priest/divine providence (10)]
  1640 | D:2      | Reached skill level 4 in Fighting
  2006 | D:2      | Reached XP level 4. HP: 26/40 MP: 4/4
  2297 | D:3      | Noticed a phantom
  2307 | D:3      | Killed a phantom
  2308 | D:3      | Reached skill level 5 in Maces & Flails
  2308 | D:3      | Reached XP level 5. HP: 25/47 MP: 5/5
  2571 | D:3      | HP: 9/47 [hobgoblin (3)]
  2578 | D:3      | HP: 9/47 [something (1)]
  3296 | D:3      | Reached skill level 5 in Fighting
  3528 | D:4      | Reached XP level 6. HP: 56/56 MP: 6/6
  3720 | D:4      | Reached skill level 1 in Axes
  4103 | D:4      | Reached skill level 2 in Axes
  4188 | D:4      | Noticed Grinder
  4194 | D:4      | Killed Grinder
  4195 | D:4      | Reached skill level 6 in Fighting
  4195 | D:4      | Reached skill level 3 in Axes
  4195 | D:4      | Your scales start taking on a lurid green colour.
  4195 | D:4      | Reached XP level 7. HP: 64/64 MP: 7/7
  4195 | D:4      | Gained mutation: Your system is resistant to poisons.
                  | (rPois) [Green Draconian growth]
  4808 | D:5      | Entered Level 5 of the Dungeon
  5033 | D:5      | Reached skill level 4 in Axes
  5190 | D:5      | Reached skill level 7 in Fighting
  5716 | D:6      | Reached skill level 5 in Axes
  5716 | D:6      | Reached XP level 8. HP: 65/73 MP: 8/8
  5944 | D:6      | Reached skill level 8 in Fighting
  6041 | D:6      | Found a staircase to the Ecumenical Temple.
  6188 | D:6      | Reached skill level 6 in Axes
  6570 | D:6      | Reached skill level 9 in Fighting
  6672 | D:6      | Found Vimohira's Antique Weapon Shop.
  6680 | D:6      | Bought an iridescent rapier for 198 gold pieces
  6680 | D:6      | Identified the +0 rapier of Egomania {protect, +Rage rPois
                  | Stlth+} (You bought it in a shop on level 6 of the Dungeon)
  6889 | D:7      | Reached skill level 7 in Axes
  6889 | D:7      | Reached XP level 9. HP: 82/83 MP: 9/9
  7002 | D:7      | Noticed Maggie
  7030 | D:7      | Killed Maggie
  7271 | D:7      | Reached skill level 10 in Fighting
  7464 | D:7      | Reached skill level 6 in Maces & Flails
  7464 | D:7      | Reached skill level 2 in Dodging
  7911 | D:7      | Noticed a troll
  7924 | D:7      | Killed a troll
  8059 | D:8      | Reached skill level 3 in Dodging
  8299 | D:8      | Reached skill level 7 in Maces & Flails
  8299 | D:8      | Reached XP level 10. HP: 94/94 MP: 10/10
  8563 | D:9      | Reached skill level 4 in Dodging
  8565 | D:9      | Reached skill level 11 in Fighting
  9096 | D:9      | Reached skill level 5 in Dodging
  9098 | D:9      | Found a staircase to the Lair.
  9147 | D:9      | Reached skill level 8 in Maces & Flails
  9351 | D:9      | Found a sacrificial altar of Ru.
  9588 | D:9      | Found Ippun's Weapon Shop.
 10059 | D:10     | Entered Level 10 of the Dungeon
 10280 | D:10     | Found a staircase to the Orcish Mines.
 10281 | D:10     | Noticed a gargoyle
 10304 | D:10     | Killed a gargoyle
 10717 | D:10     | Reached skill level 6 in Dodging
 10719 | D:10     | Noticed Nergalle
 10741 | D:10     | Reached skill level 12 in Fighting
 10741 | D:10     | Reached XP level 11. HP: 90/104 MP: 11/11
 10833 | D:10     | Noticed Maurice
 10866 | D:10     | Killed Maurice
 10867 | D:10     | Reached skill level 9 in Maces & Flails
 10874 | D:10     | Killed Nergalle
 11149 | D:10     | Noticed a six-headed hydra
 11175 | D:10     | Killed a six-headed hydra
 11467 | D:11     | Found a burning altar of Makhleb.
 11619 | D:11     | Reached skill level 7 in Dodging
 11693 | D:11     | Noticed a two-headed ogre
 11702 | D:11     | Killed a two-headed ogre
 11752 | D:11     | Noticed a two-headed ogre
 11768 | D:11     | Killed a two-headed ogre
 11850 | D:11     | Noticed Snorg
 12027 | D:11     | Noticed a two-headed ogre
 12305 | D:11     | Reached skill level 10 in Maces & Flails
 12324 | D:11     | Killed Snorg
 12325 | D:11     | Reached skill level 13 in Fighting
 12627 | D:11     | Noticed a two-headed ogre
 12636 | D:11     | Killed a two-headed ogre
 12637 | D:11     | Reached skill level 8 in Dodging
 12875 | D:11     | Killed a two-headed ogre
 12876 | D:11     | Reached XP level 12. HP: 97/115 MP: 12/12
 13183 | D:11     | Fell from the grace of Ignis
 13326 | Temple   | Entered the Ecumenical Temple
 13606 | Temple   | Became a worshipper of Kikubaaqudgha
 13778 | D:10     | Learned a level 4 spell: Dispel Undead
 13835 | Lair:1   | Entered Level 1 of the Lair of Beasts
 13875 | Lair:1   | Reached skill level 1 in Necromancy
 14132 | D:9      | HP: 27/115 [fire elemental[the fiery vengeance of Ignis]
                  | (7)]
 14134 | D:9      | HP: 13/115 [fire elemental[the fiery vengeance of Ignis]
                  | (14)]
 14562 | Lair:1   | Learned a level 2 spell: Blink
 14629 | Lair:1   | Identified the +9 dagger "Oqocian" {flame, Fly rC+}
 14966 | Lair:1   | Reached skill level 1 in Shields
 15147 | Lair:1   | Reached skill level 2 in Necromancy
 15356 | Lair:1   | You fall into a shaft and drop 1 floor!
 15541 | Lair:2   | Reached skill level 2 in Shields
 15541 | Lair:2   | Reached skill level 3 in Necromancy
 15564 | Lair:2   | HP: 28/115 [cane toad (16)]
 15569 | Lair:2   | HP: 23/115 [poisoned by a cane toad]
 15693 | Lair:2   | You fall into a shaft and drop 2 floors!
 15898 | Lair:4   | Noticed an eight-headed hydra
 15945 | Lair:3   | Identified the +0 leather armour "Xidghef" {Slay+3}
 16261 | Lair:3   | Reached skill level 11 in Maces & Flails
 16264 | Lair:3   | You fall into a shaft and drop 2 floors!
 16292 | Lair:5   | Noticed a four-headed hydra
 16309 | Lair:5   | Reached skill level 4 in Necromancy
 16499 | Lair:5   | Noticed a boulder beetle
 16506 | Lair:5   | Reached skill level 3 in Shields
 16529 | Lair:5   | Killed a boulder beetle
 16530 | Lair:5   | Reached skill level 9 in Dodging
 16531 | Lair:5   | Reached * piety under Kikubaaqudgha
 16531 | Lair:5   | Received a gift from Kikubaaqudgha
 16882 | Lair:4   | Found the +11 plutonium sword {Contam Stlth-}
 16986 | Lair:2   | Found a staircase to the Snake Pit.
 16995 | Lair:2   | Reached skill level 5 in Necromancy
 17331 | Lair:2   | Found a runed translucent door.
 17408 | Lair:2   | Reached skill level 14 in Fighting
 17410 | Lair:2   | You fall into a shaft and drop 2 floors!
 17480 | Lair:4   | You fall into a shaft and drop 2 floors!
 17480 | Lair:6   | Entered Level 6 of the Lair of Beasts
 17480 | Lair:6   | Noticed a seven-headed hydra
 17491 | Lair:6   | Noticed a seven-headed hydra
 17527 | Lair:6   | Noticed a six-headed hydra
 17540 | Lair:6   | Noticed an eight-headed hydra
 17585 | Lair:5   | Noticed a death yak
 17639 | Lair:5   | Killed a death yak
 17954 | Lair:1   | Reached skill level 4 in Shields
 17954 | Lair:1   | Reached XP level 13. HP: 110/124 MP: 13/13
 18061 | Lair:1   | Reached skill level 6 in Necromancy
 18557 | Lair:2   | You fall into a shaft and drop 1 floor!
 18614 | Lair:2   | Identified the +10 spear "Kepherid" {vorpal, rPois rF-
                  | rCorr Str+4}
 18615 | Lair:2   | Noticed Sagekrm4265's ghost (journeyman DDFi)
 18714 | Lair:2   | Found a staircase to the Swamp.
 18946 | Lair:2   | Was forgiven by Ignis
 19364 | Lair:2   | Killed Sagekrm4265's ghost
 19365 | Lair:2   | Reached skill level 7 in Necromancy
 19369 | Lair:2   | Reached ** piety under Kikubaaqudgha
 20656 | Lair:4   | Found a sacrificial altar of Ru.
 20668 | Lair:4   | Reached skill level 8 in Necromancy
 20933 | Lair:4   | Reached skill level 10 in Dodging
 21689 | Lair:5   | Reached skill level 9 in Necromancy
 21982 | Lair:5   | Found a runed translucent door.
 22179 | Lair:5   | Reached *** piety under Kikubaaqudgha
 22179 | Lair:5   | Received a gift from Kikubaaqudgha
 22722 | Lair:5   | Noticed an entropy weaver
 22729 | Lair:5   | Reached skill level 15 in Fighting
 22738 | Lair:5   | Killed an entropy weaver
 22739 | Lair:5   | Gained mutation: Your tail ends in a poisonous barb. [Green
                  | Draconian growth]
 22739 | Lair:5   | Reached XP level 14. HP: 126/135 MP: 14/14
 22802 | Lair:5   | Reached skill level 10 in Necromancy
 23767 | Lair:5   | Learned a level 3 spell: Vampiric Draining
 23772 | Lair:5   | Learned a level 4 spell: Animate Dead
 23909 | Lair:6   | Reached skill level 1 in Spellcasting
 24227 | Lair:6   | Reached **** piety under Kikubaaqudgha
 24236 | Lair:6   | Reached skill level 2 in Spellcasting
 24368 | Lair:6   | Reached skill level 11 in Necromancy
 24370 | Lair:6   | HP: 31/135 [polar bear (10)]
 24586 | Lair:6   | Reached skill level 11 in Dodging
 24765 | Lair:6   | Reached skill level 3 in Spellcasting
 25135 | Lair:6   | HP: 20/135 [komodo dragon (21)]
 25150 | Lair:6   | HP: 16/135 [wyvern (8)]
 25603 | Lair:6   | Reached ***** piety under Kikubaaqudgha
 25882 | Lair:6   | Reached skill level 4 in Spellcasting
 26066 | Lair:6   | Reached skill level 12 in Necromancy
 26222 | Lair:6   | Reached XP level 15. HP: 143/143 MP: 21/21
 26457 | Lair:6   | Found a staircase to the Slime Pits.
 27179 | Lair:6   | Upgraded the game from 0.28-a0-384-g9e0c098162 to
                  | 0.28-a0-390-gb254ac4902
 27986 | Orc:1    | Entered Level 1 of the Orcish Mines
 28034 | Orc:1    | Noticed an orc warlord
 28059 | Orc:1    | Reached skill level 16 in Fighting
 28397 | Orc:1    | Killed an orc warlord
 28398 | Orc:1    | Reached skill level 5 in Spellcasting
 29113 | Orc:1    | Reached ****** piety under Kikubaaqudgha
 29392 | Orc:2    | Entered Level 2 of the Orcish Mines
 29898 | Orc:2    | Noticed an orc warlord
 30332 | Orc:2    | Killed an orc warlord
 30522 | Orc:2    | Found Eracs's Jewellery Boutique.
 30591 | Orc:2    | Found a staircase to the Elven Halls.
 30731 | Orc:2    | Found Arphoikk's Antique Weapon Boutique.
 30735 | Orc:2    | Found Puvouske's Antique Armour Shop.
 30740 | Orc:2    | Bought a heavily runed buckler for 332 gold pieces
 30740 | Orc:2    | Identified the -5 buckler of Hangman {Harm rC++ Str-4 SInv}
                  | (You bought it in a shop on level 2 of the Orcish Mines)
 30934 | Orc:2    | Found Xeeloixu's Weapon Boutique.
 31414 | Orc:2    | Bought a demon whip for 435 gold pieces
 31414 | Orc:2    | Bought a crude broad axe for 261 gold pieces
 31414 | Orc:2    | Identified the +5 broad axe "Oxul" {vorpal, Dex+2} (You
                  | bought it in a shop on level 2 of the Orcish Mines)
 31418 | Orc:2    | Identified a +2 demon whip of pain (a +0 demon whip
                  | bloodied by Kikubaaqudgha)
 31418 | Orc:2    | Received a gift from Kikubaaqudgha
 31766 | D:12     | Reached skill level 13 in Necromancy
 32751 | D:12     | Reached skill level 12 in Dodging
 32915 | D:13     | Found a gate to the Vaults.
 32993 | D:13     | Noticed Kirke
 33001 | D:13     | Found Zoxoas's Jewellery Shop.
 33440 | D:13     | Reached skill level 6 in Spellcasting
 33797 | D:13     | Noticed Erolcha
 33826 | D:13     | Killed Kirke
 33855 | D:13     | Killed Erolcha
 33945 | D:13     | Bought the ring "Hirul" {rF+ Str+2 Dex+3 SInv} for 474 gold
                  | pieces
 34327 | D:13     | Reached XP level 16. HP: 152/152 MP: 25/25
 35007 | D:14     | Found Potour's Assorted Antiques.
 35015 | D:14     | Bought a potion of heal wounds for 165 gold pieces
 35015 | D:14     | Bought a scroll of fog for 66 gold pieces
 35015 | D:14     | Bought a scroll of fog for 66 gold pieces
 35015 | D:14     | Bought a scroll of fog for 66 gold pieces
 35250 | D:14     | Reached skill level 14 in Necromancy
 35261 | D:14     | Found Amila's Antique Armour Shoppe.
 35327 | D:14     | Found Nusim's General Store.
 35342 | D:14     | Bought a scroll of fog for 28 gold pieces
 35342 | D:14     | Bought a scroll of fear for 49 gold pieces
 35342 | D:14     | Bought a wand of iceblast (8) for 168 gold pieces
 35961 | D:15     | Entered Level 15 of the Dungeon
 36142 | D:15     | Reached skill level 7 in Spellcasting
 36655 | D:15     | Found a staircase to the Depths.
 36943 | D:15     | Found an ancient bone altar of Kikubaaqudgha.
 37443 | D:15     | Noticed a storm dragon
 37815 | Snake:1  | Entered Level 1 of the Snake Pit
 37987 | Snake:1  | Found Raimed's Distillery.
 38054 | Snake:1  | HP: 30/154 [naga warrior (21)]
 38055 | Snake:1  | HP: 13/154 [naga (12)]
 38066 | Snake:1  | HP: 24/154 [black mamba (8)]
 38679 | Snake:1  | HP: 34/154 [naga sharpshooter/bolt (16)]
 39076 | Snake:1  | Reached skill level 17 in Fighting
 39690 | Snake:1  | Found Kioc's Magic Scroll Emporium.
 39841 | Snake:1  | Bought a potion of heal wounds for 80 gold pieces
 39841 | Snake:1  | Bought 2 potions of heal wounds for 160 gold pieces
 39841 | Snake:1  | Bought a potion of might for 64 gold pieces
 39841 | Snake:1  | Bought a potion of might for 64 gold pieces
 39889 | Snake:1  | Found Urphoe's Jewellery Boutique.
 39970 | Snake:1  | Reached skill level 15 in Necromancy
 39991 | Snake:1  | Found Agofucs's Magic Scroll Shoppe.
 40335 | Snake:1  | Found Bosolefe's Book Shoppe.
 40654 | Snake:2  | Found Gugh's Book Boutique.
 40782 | Snake:2  | Reached skill level 8 in Spellcasting
 40782 | Snake:2  | Reached skill level 1 in Translocations
 40782 | Snake:2  | Reached skill level 1 in Evocations
 42769 | Snake:3  | Reached skill level 13 in Dodging
 42927 | Snake:3  | Reached skill level 2 in Translocations
 42968 | Snake:3  | Reached XP level 17. HP: 124/161 MP: 29/29
 42977 | Snake:3  | Reached skill level 2 in Evocations
 43604 | Snake:3  | Noticed Aizul
 44074 | Snake:3  | Killed Aizul
 44610 | Snake:3  | Found Dueresa's Book Shop.
 44936 | Snake:4  | Entered Level 4 of the Snake Pit
 45049 | Snake:4  | Found a sacrificial altar of Ru.
 45392 | Snake:4  | Reached skill level 3 in Translocations
 45596 | Snake:4  | Reached skill level 3 in Evocations
 47869 | Snake:4  | Reached skill level 4 in Translocations
 47888 | Snake:4  | Reached skill level 4 in Evocations
 48086 | Snake:4  | Reached skill level 9 in Spellcasting
 48294 | Snake:4  | Got a serpentine rune of Zot
 48518 | Swamp:1  | Entered Level 1 of the Swamp
 48527 | Swamp:1  | Reached skill level 16 in Necromancy
 48722 | Swamp:1  | HP: 20/163 [bog body/bolt of cold (31)]
 49828 | Swamp:1  | Learned a level 5 spell: Borgnjor's Vile Clutch
 50246 | Swamp:2  | HP: 34/163 [goliath frog (10)]
 50570 | Swamp:2  | Reached XP level 18. HP: 138/171 MP: 17/31
 50573 | Swamp:2  | Reached skill level 1 in Earth Magic
 50917 | Swamp:2  | Reached skill level 5 in Evocations
 51269 | Swamp:2  | Reached skill level 2 in Earth Magic
 52195 | Swamp:3  | Reached skill level 3 in Earth Magic
 52868 | Swamp:4  | Entered Level 4 of the Swamp
 53143 | Swamp:4  | Noticed Mlioglotl
 53359 | Swamp:3  | Killed Mlioglotl
 53649 | Swamp:4  | HP: 33/171 [tyrant leech[a spriggan druid] (17)]
 53652 | Swamp:4  | HP: 7/171 [tyrant leech[a spriggan druid] (21)]
 53687 | Swamp:3  | Reached skill level 4 in Earth Magic
 54213 | Swamp:4  | Reached skill level 18 in Fighting
 54576 | Swamp:4  | Noticed Nikola
 54615 | Swamp:4  | Killed Nikola
 54616 | Swamp:4  | Reached skill level 6 in Evocations
 54643 | Swamp:4  | HP: 36/167 [something (14)]
 54936 | Swamp:4  | Reached skill level 5 in Earth Magic
 55825 | Swamp:4  | Got a decaying rune of Zot
 56229 | Vaults:1 | Entered Level 1 of the Vaults
 56352 | Vaults:1 | Reached skill level 17 in Necromancy
 56359 | Vaults:1 | Found a magical portal.
 56371 | WizLab   | Entered Iskenderun's Mystic Tower
 56387 | WizLab   | HP: 17/172 [disintegration (30)]
 56393 | WizLab   | HP: 22/172 [tengu conjurer/bolt of lightning (29)]
 56420 | WizLab   | Reached skill level 10 in Spellcasting
 56427 | WizLab   | HP: 56/258 [purple draconian/bolt of dispelling energy
                  | (13)]
 56444 | WizLab   | Reached skill level 14 in Dodging
 56448 | WizLab   | Reached skill level 6 in Earth Magic
 56474 | WizLab   | HP: 35/172 [tengu conjurer/bolt of lightning (20)]
 56496 | WizLab   | HP: 4/172 [purple draconian/bolt of dispelling energy (39)]
 57124 | WizLab   | Reached XP level 19. HP: 88/179 MP: 4/33
 57366 | WizLab   | Got Iskenderun's Reference Book on Battle Magic
 57366 | WizLab   | Got Iskenderun's Papyrus of Combat Magic
 57437 | Vaults:1 | Found a flickering gateway to a bazaar.
 57445 | Bazaar   | Entered a bazaar
 57691 | Bazaar   | Found Mekk's Jewellery Shop.
 57704 | Bazaar   | Found Kyog's Antique Armour Shop.
 57738 | Bazaar   | Bought a shiny buckler for 202 gold pieces
 58007 | Vaults:1 | HP: 42/179 [vault warden (11)]
 58016 | Vaults:1 | HP: 30/179 [vault guard[a vault warden] (15)]
 58030 | Vaults:1 | HP: 44/179 [vault guard[a vault warden] (6)]
 58032 | Vaults:1 | Reached skill level 7 in Evocations
 59385 | Vaults:1 | HP: 25/180 [dire elephant[an ironbound beastmaster] (30)]
 59397 | Vaults:1 | HP: 8/180 [ironbound frostheart/creeping frost (22)]
 59402 | Vaults:1 | HP: 27/180 [deep troll[an ironbound preserver] (11)]
 59633 | Vaults:1 | HP: 44/180 [yaktaur/bolt (11)]
 59950 | Vaults:1 | Found a transporter.
 60020 | Vaults:1 | Found a transporter.
 61229 | Vaults:1 | Reached skill level 8 in Evocations
 61250 | Vaults:1 | HP: 43/181 [ironbound frostheart/creeping frost (29)]
 61758 | Vaults:1 | Reached skill level 18 in Necromancy
 61905 | Vaults:1 | Identified the ring "Qish" {rElec rC+ rCorr}
 61922 | Vaults:1 | Got Uvachemint's Guide on the Blaze
 61981 | Vaults:1 | Identified the +1 hand crossbow of Valiance {venom, Contam
                  | Str+8 Dex-3 SInv}
 62059 | Vaults:2 | Identified the +0 buckler "Ickujil" {Str+4}
 62792 | Vaults:2 | Reached skill level 11 in Spellcasting
 63066 | Vaults:2 | Reached XP level 20. HP: 151/189 MP: 18/35
 63205 | Vaults:2 | Identified the +9 rapier "Rolul" {vorpal, rC++ Stlth+}
 63485 | Vaults:2 | HP: 44/189 [white ugly thing[a wizard] (14)]
 65025 | Vaults:2 | Identified the +10 great sword of Gloom {elec, *Corrode
                  | +Rage Dex+4}
 65607 | Vaults:3 | Reached skill level 9 in Evocations
 65694 | Vaults:3 | Reached skill level 19 in Fighting
 66075 | Vaults:3 | Found a staircase to the Crypt.
 66075 | Vaults:3 | Found an ancient bone altar of Kikubaaqudgha.
 66076 | Vaults:3 | Found a basalt altar of Yredelemnul.
 66182 | Vaults:3 | Noticed Saint Roka
 66413 | Vaults:3 | HP: 32/191 [Saint Roka/divine providence (17)]
 66421 | Vaults:3 | HP: 28/191 [Saint Roka/divine providence (7)]
 66423 | Vaults:3 | HP: 1/191 [yaktaur/bolt[a vault warden] (20)]
 66859 | Vaults:3 | Noticed Sojobo
 66861 | Vaults:3 | Paralysed by an air elemental for 1 turns
 66974 | Vaults:3 | HP: 28/190 [yaktaur/bolt[a vault warden] (26)]
 66976 | Vaults:3 | Reached skill level 15 in Dodging
 66986 | Vaults:3 | HP: 11/191 [Saint Roka/divine providence (12)]
 66989 | Vaults:3 | Killed from afar by Saint Roka

Illustrated notes

Levels and vault maps discovered:
D:1:      minmay_arrival_glassed_features, layout_loops_corners,
          serial_bayou_pond_e
D:2:      layout_loops_ring, shapermc_ecumenical_altar_rom_forum
D:3:      layout_basic
D:4:      layout_gridville, minmay_fractal_squares_5, uniq_grinder
D:5:      layout_cave_pods
D:6:      layout_basic, minmay_temple_entry_offerings, serial_shops,
          shop_statue, moated_statue
D:7:      layout_gridville, uniq_maggie
D:8:      layout_rooms
D:9:      layout_small_grid, lemuel_round_altar, erik_lair_island, serial_shops,
          shop, minmay_crystal_water, grunt_ministairs_5
D:10:     layout_loops_ring, orc_0_dummy, serial_undead, serial_undead_f,
          serial_undead_e, serial_undead_f, serial_undead_c, uniq_maurice,
          uniq_nergalle
D:11:     layout_long_grid, bloody_makhleb, uniq_snorg
D:12:     layout_roguey, special_room [special_room_bee], serial_bayou,
          serial_bayou_lagoon_a, serial_bayou_pond_d, serial_bayou_ford_a,
          serial_bayou_pond_e, serial_bayou_crossing, minmay_statues_item
D:13:     layout_basic, david_vaults_3, serial_shops, shop, uniq_kirke,
          uniq_erolcha
D:14:     layout_basic, serial_shops, nicolae_stop_n_shop_1,
          nicolae_shop_window_shopping, shop, minmay_misc_feat_cross
D:15:     gammafunk_depths_entry_grave, layout_cave_pods,
          kiku_gazebo_garden_becter, corexii_leaking_fountain, wad_dig_loot
Temple:   regret_index_temple_sigil_plot
Lair:1:   layout_cave_pods, beast_lair_carwin_7
Lair:2:   layout_loops_ring, swamp_mist_pool, dummy_snake_entry,
          ebering_ghost_funeral_grove
Lair:3:   layout_loops_ring
Lair:4:   layout_long_grid, basic_altar
Lair:5:   gammafunk_mikee_crab_dinner, layout_cave_pods
Lair:6:   hangedman_lair_tendril_chambers, layout_misc_corridors,
          hangedman_lair_caniforms_friends, minmay_slime_entry_oklob_enclosed,
          st_stairs_6, columned_hall_lemuel, serial_bayou_shore_b,
          serial_bayou_shore_a
Swamp:1:  layout_falls_marsh, serial_swamp_ruin, evilmike_swamp_ruin_house_1,
          evilmike_swamp_ruin_house_5, swamp_pool1, hangedman_swamp_grove
Swamp:2:  layout_basic_swamp, evilmike_swamp_ruin_house_3, swamp_pool1,
          nicolae_swamp_no_escape
Swamp:3:  layout_basic_swamp, evilmike_swamp_ruin_house_4
Swamp:4:  swamp_alternative, layout_basic_swamp, uniq_nikola, uniq_mlioglotl
Snake:1:  layout_misc_corridors, serial_shops, shop_statue, shop, shop,
          nicolae_lakefront_shop, nicolae_shop_temple_entry_statues_fountains
Snake:2:  layout_layer_cave, serial_shops, shop_statue, st_stairs_12,
          grunt_megastairs_4
Snake:3:  layout_onion, serial_shops, nicolae_shop_waterfront,
          grunt_megastairs_2, uniq_aizul
Snake:4:  grunt_snake_rune_pools, layout_cave_town, basic_altar
Orc:1:    layout_diamond_mine, basic_altar
Orc:2:    grunt_orc_community_town_hall, layout_diamond_mine,
          grunt_orc_community_big_house_1, grunt_orc_community_big_house_2,
          grunt_orc_community_house_3, grunt_orc_community_house_2,
          grunt_orc_community_house_1, grunt_orc_community_house_3
Vaults:1: vaults_room_grunt_arrival_checkpoint, nicolae_vaults_arrows,
          gammafunk_the_bubble [the_bubble_gammafunk_split],
          vaults_room_door_ring, v_misc_32, grunt_vaults_funnel, v_misc_1,
          vaults_dpeg_ring, ontoclasm_vaults_eye, vaults_dpeg_encased_lava,
          layout_vaults_omnicross, serial_shops, freezing_bzr, mu_enter_wizlab_4
Vaults:2: hangedman_vaults_stitches, v_misc_22, hangedman_vaults_stream,
          ontoclasm_vaults_shuriken, nicolae_vaults_little_squares_1, st_lines,
          nicolae_vaults_shelves_hall, hangedman_vaults_maws,
          layout_vaults_chaotic_city
Vaults:3: gammafunk_vaults_ghost_spectres, nicolae_vaults_diagonal_hallway_7,
          nicolae_vaults_ring_of_whatevers, hangedman_vaults_cutoff,
          hangedman_vaults_snaps, nicolae_vaults_murderbox,
          ontoclasm_vaults_ring_small, nicolae_vaults_little_squares_2,
          grunt_vaults_diagonal, minmay_crypt_entry_necro_gods,
          ontoclasm_vaults_chip, ontoclasm_vaults_chip, layout_vaults_omnigrid,
          uniq_saint_roka, uniq_sojobo

Skill      XL: |  1  2  3  4  5  6  7  8  9 10 11 12 13 14 15 16 17 18 19 20 |
---------------+-------------------------------------------------------------+-----
Maces & Flails | 4 5 7 8 10 11 | 11.1
Fighting       | 4 5 6 7 9 10 12 13 14 15 16 17 18 19 | 19.1
Axes           | 3 5 7 |  7.7
Dodging        | 3 6 8 9 10 11 12 13 14 15 | 15.0
Necromancy     | 5 9 12 13 15 16 17 18 | 18.8
Shields        | 4 |  4.0
Spellcasting   | 4 6 8 9 10 11 | 11.5
Translocations | 2 4 |  4.8
Evocations     | 1 4 6 8 9 |  9.3
Earth Magic    | 6 |  6.3
Polearms       | |  1.0
Throwing       | |  1.0
Stealth        | |  1.0

Action                   |  1- 3 |  4- 6 |  7- 9 | 10-12 | 13-15 | 16-18 | 19-21 || total
-------------------------+-------+-------+-------+-------+-------+-------+-------++-------
Melee: Mace              |    94 |    43 |       |       |       |       |       ||   137
       Tailslap          |     9 |    15 |    43 |   118 |   374 |   286 |   120 ||   965
       Hand axe          |       |    73 |   191 |       |       |       |       ||   264
       Morningstar       |       |       |   106 |   694 |   241 |       |       ||  1041
       Whip              |       |       |       |    39 |  1298 |       |       ||  1337
       Demon whip        |       |       |       |       |   305 |  1519 |   631 ||  2455
Throw: Stone             |    36 |    28 |     6 |       |       |       |       ||    70
 Cast: Vampiric Draining |       |       |       |       |    49 |    24 |    22 ||    95
       Dispel Undead     |       |       |       |       |     8 |       |     2 ||    10
       Blink             |       |       |       |       |     5 |    22 |     8 ||    35
       Animate Dead      |       |       |       |       |    47 |    78 |    38 ||   163
       Borgnjor's Vile C |       |       |       |       |       |   119 |   129 ||   248
Invok: Sea of Fire       |     1 |       |       |     1 |       |       |       ||     2
       Foxfire Swarm     |       |     5 |     3 |     1 |       |       |       ||     9
       Renounce Religion |       |       |       |     1 |       |       |       ||     1
       Brand Weapon With |       |       |       |       |     1 |       |       ||     1
 Abil: Breathe Noxious F |       |       |    39 |    68 |   143 |    25 |     1 ||   276
Evoke: Wand              |       |       |       |     8 |    13 |    40 |     7 ||    68
       Lightning rod     |       |       |       |       |       |    13 |    17 ||    30
       Piece from Xom's  |       |       |       |       |       |       |     4 ||     4
  Use: Potion            |     1 |     2 |       |     4 |     1 |    16 |     7 ||    31
       Scroll            |       |     1 |     8 |     6 |     8 |    11 |    10 ||    44
 Stab: Confused          |       |       |    13 |    30 |    75 |    14 |       ||   132
       Distracted        |       |       |       |       |     2 |     5 |     1 ||     8
       Petrified         |       |       |       |       |       |       |     5 ||     5
       Paralysed         |       |       |       |       |       |       |     2 ||     2
Armor: Skin              |    44 |    36 |   105 |   219 |   304 |   211 |   121 ||  1040
Dodge: Dodged            |    57 |    69 |   143 |   464 |   950 |   777 |   295 ||  2755
Block: Other             |       |       |    58 |    95 |    11 |       |       ||   164
       Reflection        |       |       |     3 |     4 |    15 |    60 |    34 ||   116
       Buckler           |       |       |       |   148 |   736 |   515 |   247 ||  1646

Table legend: (Time is in decaauts)
 A = Elapsed time spent in this place.
 B = Non-inter-level travel time spent in this place.
 C = Inter-level travel time spent in this place.
 D = Time resting spent in this place.
 E = Time spent auto-exploring this place.
 F = Levels seen in this place.
 G = Mean time per level.
                   A        B        C        D        E       F      G
               +--------+--------+--------+--------+--------+-----+--------+
         Total |  65430 |  62575 |   2855 |  24142 |  28300 |  37 | 1768.4 |
       Dungeon |  20199 |  19046 |   1153 |   4251 |  11549 |  15 | 1346.6 |
        Temple |    309 |    276 |     33 |      0 |    258 |   1 |  309.0 |
          Lair |  14242 |  13589 |    653 |   6234 |   5155 |   6 | 2373.7 |
         Swamp |   7304 |   7117 |    187 |   3832 |   2270 |   4 | 1826.0 |
     Snake Pit |   9588 |   9321 |    267 |   4130 |   3954 |   4 | 2397.0 |
  Orcish Mines |   3391 |   3236 |    155 |    782 |   1848 |   2 | 1695.5 |
        Vaults |   9077 |   8673 |    404 |   3915 |   3214 |   3 | 3025.7 |
        Bazaar |    331 |    331 |      0 |    238 |     51 |   1 |  331.0 |
        Wizlab |    986 |    986 |      0 |    759 |      0 |   1 |  986.0 |
               +--------+--------+--------+--------+--------+-----+--------+

Top non-repeatable levels by time:
Vaults:1: 4284 daAuts
  Lair:5: 3780 daAuts
  Lair:6: 3178 daAuts
Vaults:2: 3115 daAuts
  Lair:2: 2932 daAuts
 Snake:3: 2675 daAuts
 Snake:4: 2463 daAuts
 Snake:2: 2384 daAuts
 Swamp:3: 2312 daAuts
 Swamp:4: 2309 daAuts
   Orc:2: 2163 daAuts
     D:9: 2093 daAuts
 Snake:1: 2063 daAuts
    D:10: 1952 daAuts
  Lair:1: 1904 daAuts

Table legend:
 A = Kills in this place as a percentage of kills in entire the game.
 B = Kills by you in this place as a percentage of kills by you in the entire game.
 C = Kills by friends in this place as a percentage of kills by friends in the entire game.
 D = Other kills in this place as a percentage of other kills in the entire game.
 E = Experience gained in this place as a percentage of experience gained in the entire game.
 F = Experience gained in this place divided by the number of levels of this place that you have seen.
                   A       B       C       D       E      F
               +-------+-------+-------+-------+-------+----------------------
         Total | 100.0 | 100.0 | 100.0 | 100.0 | 100.0 | 14372.0
       Dungeon |  30.9 |  30.8 |  18.8 |  41.0 |  13.5 | 4802.4
          Lair |  19.9 |  19.7 |  12.5 |  30.8 |  16.8 | 14879.5
         Swamp |  10.5 |  10.0 |  56.2 |   7.7 |  16.5 | 21988.5
     Snake Pit |  11.2 |  11.5 |   6.2 |   2.6 |  17.2 | 22869.5
  Orcish Mines |  10.1 |   9.9 |   6.2 |  17.9 |   2.9 | 7653.0
        Vaults |  15.9 |  16.5 |   0.0 |   0.0 |  30.2 | 53528.0
        Wizlab |   1.5 |   1.6 |   0.0 |   0.0 |   2.8 | 15128.0
               +-------+-------+-------+-------+-------+----------------------
